 Dungeon Crawl Stone Soup version 0.20.1-1-g8b1a95d (webtiles) character file.

381 dohliylev the Covert (level 6, -1/41 HPs)
             Began as a Vampire Enchanter on Dec 25, 2017.
             Was a Believer of Nemelex Xobeh.
             Slain by Robin
             ... wielding a +0 club
              (4 damage)
             ... on level 4 of the Dungeon.
             The game lasted 00:20:33 (4371 turns).

dohliylev the Covert (Vampire Enchanter)            Turns: 4371, Time: 00:20:34

Health: -1/41      AC:  5    Str:  5 (7)  XL:     6   Next: 46%
Magic:  1/9        EV: 12    Int: 17 (20) God:    Nemelex Xobeh [**....]
Gold:   216        SH:  0    Dex: 11 (14) Spells: 3/9 levels left

rFire    . . .     SeeInvis +   a - +2 dagger (elec)
rCold    . . .     Gourm    .   (no shield)
rNeg     . . .     Faith    .   b - +0 robe
rPois    .         Spirit   .   (no helmet)
rElec    .         Reflect  .   l - +2 cloak
rCorr    .         Harm     .   (no gloves)
MR       .....                  (no boots)
Stlth    ++++......             (no amulet)
Regen    0.4/turn               (no ring)
MPRegen  0.2/turn               (no ring)

@: very slightly contaminated, regenerating quickly
A: fangs 3, see invisible, unbreathing
a: Renounce Religion


You were on level 4 of the Dungeon.
You worshipped Nemelex Xobeh.
Nemelex Xobeh was pleased with you.
You were full.

You visited 1 branch of the dungeon, and saw 4 of its levels.

You collected 216 gold pieces.

Inventory:

Hand Weapons
 a - a +2 dagger of electrocution (weapon)
Armour
 b - a +0 robe (worn)
 l - a +2 cloak (worn)
Wands
 q - a wand of iceblast (0/15)
 r - a wand of paralysis (0/24)
Scrolls
 e - a scroll of identify {unknown}
 f - 4 scrolls of teleportation
 g - a scroll of enchant armour {unknown}
 h - a scroll of blinking {unknown}
 i - a scroll of immolation {unknown}
 m - a scroll of amnesia {unknown}
 p - a scroll of remove curse
Potions
 d - 10 potions of blood
Books
 c - a book of Maledictions

   Spells                             Type                      Level
   a - Corona                         Hexes                        1
   b - Ensorcelled Hibernation        Hexes/Ice                    2
   c - Confuse                        Hexes                        3
   d - Tukima's Dance                 Hexes                        3
   e - Dazzling Spray                 Conjuration/Hexes            3


   Skills:
 - Level 1.1 Short Blades
 - Level 2.1 Dodging
 - Level 8.0 Stealth
 - Level 2.0 Spellcasting
 + Level 6.9 Hexes
 - Level 3.0 Invocations


You had 3 spell levels left.
You knew the following spells:

 Your Spells              Type           Power        Failure   Level  Hunger
a - Corona                Hex            ####...      1%          1    #......
b - Ensorcelled Hibernat  Hex/Ice        ##....       7%          2    ###....
c - Confuse               Hex            ####....     3%          3    ###....


Dungeon Overview and Level Annotations

Branches:
Dungeon (4/15)
 Temple: D:4-7

Altars:
Nemelex Xobeh
Ru
Sif Muna
Zin

Portals:
Sewer: D:4

Annotations:
D:4 Menkaure, Robin


Innate Abilities, Weirdness & Mutations

Your natural rate of healing is unusually fast.
You have razor-sharp teeth.
You have supernaturally acute eyesight. (SInv)
You can survive without breathing.


Message History

* * * LOW HITPOINT WARNING * * *
The helpless worm fails to defend itself.
You impale the worm!! Lightning courses through the worm!
You kill the worm!
Robin misses you.
Evoke which item? (* to show all) (? for menu, Esc to quit)
Aiming: Paralyse (will waste charges)
Press: ? - help, Shift-Dir - straight line, f - Robin
Aim: Robin, wielding a club, wearing an animal skin and wearing a helmet (chance to defeat MR: 54%) Robin resists with significant effort.
Evoking this partially-identified wand wasted a few charges.
Robin hits you with a club.
* * * LOW HITPOINT WARNING * * *
Evoke which item? (* to show all) (? for menu, Esc to quit)
Aiming: Paralyse (will waste charges)
Press: ? - help, Shift-Dir - straight line, f/p - Robin
Aim: Robin, wielding a club, wearing an animal skin and wearing a helmet (chance to defeat MR: 54%) Nothing appears to happen.
Robin hits you with a club.
You die...
Your body disappears without a glow.

###### #∩≈≈≈g# #≈≈≈≈≈[
#≈≈≈≈.. #≈≈≈...
#≈....r##################
#...rsg@................
###############.........
#......... #.........
#........< #....w....
#......... #.........
#.........


You could see Robin, a giant cockroach and 2 rats.

Vanquished Creatures
  The ghost of Ymberto the Magician, an amateur DEFE (D:3)
  A howler monkey (D:3)
  An orc priest (D:3)
  Jessica (D:2)
  6 adders
  2 river rats (D:4)
  An ooze (D:1)
  2 adder zombies (D:1)
  4 worms
  2 dart slugs (D:1)
  4 leopard geckos
  9 orcs
  6 giant cockroaches
  10 goblins
  14 hobgoblins
  4 jackals
  A quokka (D:2)
  6 ball pythons
  12 bats
  7 frilled lizards
  10 kobolds
  8 rats
112 creatures vanquished.

Notes
Turn   | Place    | Note
-------+----------+-------------------------------------------
     0 | D:1      | dohliylev the Vampire Enchanter began the quest for the Orb.
     0 | D:1      | Reached XP level 1. HP: 13/13 MP: 3/3
   136 | D:1      | Reached skill level 5 in Stealth
   136 | D:1      | Reached XP level 2. HP: 19/19 MP: 5/5
   140 | D:1      | Learned a level 2 spell: Ensorcelled Hibernation
   417 | D:1      | Reached skill level 6 in Stealth
   837 | D:1      | Reached XP level 3. HP: 24/24 MP: 6/6
  1460 | D:2      | Reached skill level 7 in Stealth
  1515 | D:2      | Found a sparkling altar of Nemelex Xobeh.
  1520 | D:2      | Became a worshipper of Nemelex Xobeh the Trickster
  1527 | D:2      | Received a gift from Nemelex Xobeh
  1529 | D:2      | Noticed Robin
  1554 | D:2      | Noticed Jessica
  2078 | D:2      | Killed Jessica
  2078 | D:2      | Reached XP level 4. HP: 30/30 MP: 4/7
  2158 | D:2      | Reached skill level 8 in Stealth
  2518 | D:2      | Reached skill level 1 in Invocations
  2621 | D:2      | Found a sacrificial altar of Ru.
  2684 | D:2      | Reached * piety under Nemelex Xobeh
  2861 | D:3      | Reached XP level 5. HP: 35/35 MP: 8/8
  2879 | D:3      | Learned a level 3 spell: Confuse
  3267 | D:3      | Found a glowing silver altar of Zin.
  3376 | D:3      | Noticed Ymberto's ghost (amateur DEFE)
  3772 | D:3      | Reached skill level 5 in Hexes
  3964 | D:3      | Reached XP level 6. HP: 41/41 MP: 0/9
  4003 | D:3      | Killed Ymberto's ghost
  4279 | D:4      | Noticed Menkaure
  4282 | D:4      | Found a deep blue altar of Sif Muna.
  4330 | D:4      | Reached ** piety under Nemelex Xobeh
  4345 | D:4      | Found a glowing drain.
  4371 | D:4      | Slain by Robin

Skill      XL: |  1  2  3  4  5  6 |
---------------+-------------------+-----
Stealth        | 5 6 7 8 |  8.0
Invocations    | 1 3 |  3.0
Hexes          | 5 6 |  6.9
Short Blades   | |  1.1
Dodging        | |  2.1
Spellcasting   | |  2.0

Action                   |  1- 3 |  4- 6 || total
-------------------------+-------+-------++-------
Melee: Dagger            |    78 |   110 ||   188
       Bite              |     4 |     6 ||    10
 Cast: Corona            |     1 |     5 ||     6
       Ensorcelled Hiber |    32 |    50 ||    82
Evoke: Deck              |     3 |     4 ||     7
       Wand              |       |     9 ||     9
  Use: Potion            |       |     4 ||     4
       Scroll            |       |     2 ||     2
 Stab: Sleeping          |    28 |    34 ||    62
       Paralysed         |       |     2 ||     2
  Eat: Corpse            |     7 |    16 ||    23
Armor: Robe              |    28 |    37 ||    65
       Skin              |       |     6 ||     6
Dodge: Dodged            |    46 |    66 ||   112
